 Dungeon Crawl Stone Soup version 0.28-a0-998-gb9e9c7b67e (webtiles) character file.

Game seed: 1134963434865723310

868 ytrimaz the Insei (level 8, -2/50 (53) HPs)
             Began as an Octopode Transmuter on Dec 6, 2021.
             Slain by Edmund (12 damage)
             ... on level 5 of the Dungeon.
             The game lasted 00:06:23 (6444 turns).

ytrimaz the Insei (Octopode Transmuter)             Turns: 6444, Time: 00:06:24

HP:   -2/50 (53)    AC:  1    Str:  9    XL:     8   Next: 3%
MP:   0/14          EV: 18    Int: 17    God:
Gold: 151           SH:  0    Dex: 13    Spells: 6/15 levels left

rFire   . . .      SeeInvis .     - Unarmed
rCold   . . .      Faith    .   (no shield)
rNeg    + . .      Spirit   +   (helmet restricted)
rPois   .          Reflect  .   e - amulet of guardian spirit
rElec   .          Harm     .   c - ring of positive energy
rCorr   .          Rampage  .   f - +4 ring of evasion
Will    .....                   (no ring)
Stlth   ++........              (no ring)
HPRegen 0.16/turn               (no ring)
MPRegen 0.14/turn               (no ring)
                                (no ring)
                                (no ring)

@: very slightly contaminated, drained
A: almost no armour, amphibious, 8 rings, camouflage 1, gelatinous body 1,
(nimble swimmer 1), tentacles
a: no special abilities


You were on level 5 of the Dungeon.
You visited 2 branches of the dungeon, and saw 6 of its levels.

You collected 151 gold pieces.

Inventory:

Jewellery
 c - a ring of positive energy (left tentacle)
 e - an amulet of guardian spirit (around mantle)
 f - a +4 ring of evasion (right tentacle)
Scrolls
 b - a scroll of magic mapping
 d - a scroll of amnesia
Potions
 g - a potion of flight {unknown}
 h - a potion of lignification
 j - a potion of attraction {unknown}


   Skills:
 * Level 3.6 Fighting
 * Level 5.0 Dodging
 + Level 5.8 Unarmed Combat
 + Level 4.0 Spellcasting
 * Level 0.2 Translocations
 - Level 2.0 Transmutations
 - Level 0.2 Poison Magic


You had 6 spell levels left.
You knew the following spells:

 Your Spells              Type           Power      Damage    Failure   Level
a - Beastly Appendage     Tmut           20%        N/A       7%          1
b - Manifold Assault      Tloc           4%         N/A       99%         5
c - Spider Form           Tmut/Pois      7%         N/A       30%         3

Your spell library contained the following spells:

 Spells                   Type           Power      Damage    Failure   Level
 Wereblood                Tmut           10%        N/A       11%         2
 Magic Dart               Conj           12%        1d3       16%         1
 Blink                    Tloc           8%         N/A       22%         2
 Poisonous Vapours        Pois/Air       6%         N/A       22%         2
 Call Imp                 Summ           3%         N/A       24%         2
 Corpse Rot               Necr/Air       6%         N/A       24%         2
 Ignite Poison            Fire/Tmut/Pois 6%         N/A       34%         3
 Lesser Beckoning         Tloc           4%         N/A       41%         3
 Mephitic Cloud           Conj/Pois/Air  3%         N/A       41%         3
 Conjure Flame            Conj/Fire      3%         6-21      43%         3
 Ozocubu's Armour         Ice            3%         N/A       43%         3
 Ice Form                 Ice/Tmut       6%         N/A       71%         4
 Animate Dead             Necr           1%         N/A       83%         4
 Sticky Flame             Conj/Fire      3%         2d3       83%         4
 Borgnjor's Vile Clutch   Necr/Erth      1%         N/A       99%         5
 Metabolic Englaciation   Hex/Ice        1%         N/A       99%         5
 Death Channel            Necr           1%         N/A       100%        6
 Simulacrum               Ice/Necr       1%         N/A       100%        6


Dungeon Overview and Level Annotations

Branches:
Dungeon (5/15)             Temple (1/1) D:4

Altars:
Cheibriados
Dithmenos
Elyvilon
Fedhas
Gozag
Hepliaklqana
Kikubaaqudgha
Makhleb
Nemelex Xobeh
Okawaru
Qazlal
Ru
Sif Muna
Trog
Uskayaw
Vehumet
Wu Jian
Xom
Yredelemnul
Zin
The Shining One

Shops:
D:1 =??

Annotations:
D:5 Edmund


Innate Abilities, Weirdness & Mutations

You cannot wear most types of armour.
You are amphibious.
You can wear up to eight rings at the same time.
Your skin changes colour to match your surroundings (Stealth+).
Your rubbery body absorbs attacks. (AC +1, EV +1)
((You are camouflaged near water. (Stealth+)))
You have tentacles for arms and can constrict up to eight enemies at once.


Message History

Edmund closely misses you.
You bite Edmund!
Edmund is moderately wounded.
Edmund hits you with a +0 flail of draining.
You partially resist.
You feel drained.
Unknown command.
You hit Edmund but do no damage.
Edmund is moderately wounded.
Edmund closely misses you.
You barely miss Edmund.
Edmund is moderately wounded.
Edmund misses you.
You hit Edmund.
Edmund is heavily wounded.
Unknown command.
You hit Edmund but do no damage.
Edmund is heavily wounded.
Your transformation has ended.
Edmund completely misses you.
You tentacle-slap Edmund. You grab Edmund.
You squeeze Edmund, but do no damage.
Edmund is heavily wounded.
You constrict Edmund, but do no damage.
Edmund hits you with a +0 flail of draining!
* * * LOW HITPOINT WARNING * * *
You partially resist.
You feel drained.
Unknown command.
Casting: Spider Form (dangerous; 30% risk of failure)
Confirm with . or Enter, or press ? or * to list all spells.
You miscast Spider Form.
You are very lightly contaminated with residual magic.
Nothing appears to happen.
You constrict Edmund. Edmund misses you.
There are monsters nearby!
Unknown command.
Unknown command.
You tentacle-slap Edmund but do no damage.
Edmund is heavily wounded.
You constrict Edmund.
Edmund hits you with a +0 flail of draining!
You die...

###.............
##...............
##....#.........#
##...####.......#
#...## ##....###
...## #..### ..##
##)## ### #.)#
### # #..# #@#
##@###@# #..#.Z##
##.....# #.....#
#.....# #.....#
#.....# #......


You could see Edmund (resistant) and a bullfrog zombie.

Vanquished Creatures
  Eustachio (D:4)
  3 black bears
  A phantom (D:4)
  Blork the orc (D:4)
  A scorpion (D:2)
  A bullfrog skeleton (D:5)
  2 iguanas (D:4)
  An orc wizard (D:5)
  A hound skeleton (D:4)
  A howler monkey skeleton (D:5)
  3 adders
  A white imp (D:5)
  2 adder skeletons (D:4)
  A worm (D:2)
  A dart slug (D:1)
  8 orcs
  7 bats
  8 endoplasms
  6 giant cockroaches
  6 hobgoblins
  6 jackals
  4 quokkas
  7 ball pythons
  3 frilled lizards
  4 goblins
  5 kobolds
  5 rats
90 creatures vanquished.

Vanquished Creatures (others)
  An orc wizard (D:5)
  A plant (D:3)
2 creatures vanquished.

Grand Total: 92 creatures vanquished

Notes
Turn   | Place    | Note
-------+----------+-------------------------------------------
     0 | D:1      | ytrimaz the Octopode Transmuter began the quest for the
                  | Orb.
     0 | D:1      | Reached XP level 1. HP: 13/13 MP: 3/3
   292 | D:1      | Found Vaed's Magic Scroll Shop.
   402 | D:1      | Found Apuagg Baoth's Magic Scroll Emporium.
   499 | D:1      | Reached XP level 2. HP: 16/18 MP: 3/5
   500 | D:1      | Found Buma's Jewellery Emporium.
   962 | D:1      | Found a faded altar of an unknown god.
  1463 | D:2      | Reached XP level 3. HP: 7/23 MP: 6/6
  1700 | D:2      | Noticed a scorpion
  1713 | D:2      | Killed a scorpion
  1714 | D:2      | Reached XP level 4. HP: 8/29 MP: 7/7
  2914 | D:2      | Reached XP level 5. HP: 14/34 MP: 8/8
  3103 | D:2      | Learned a level 5 spell: Manifold Assault
  3996 | D:4      | Noticed a black bear
  4005 | D:4      | Killed a black bear
  4006 | D:4      | Reached XP level 6. HP: 32/41 MP: 5/10
  4079 | D:4      | Noticed Blork the orc
  4089 | D:4      | Killed Blork the orc
  4471 | D:4      | Reached skill level 5 in Unarmed Combat
  4586 | D:4      | Noticed Eustachio
  4619 | D:3      | Learned a level 3 spell: Spider Form
  4703 | D:4      | Killed Eustachio
  4704 | D:4      | Reached XP level 7. HP: 19/46 MP: 5/11
  5493 | D:4      | Found a staircase to the Ecumenical Temple.
  5512 | Temple   | Entered the Ecumenical Temple
  6192 | D:5      | Entered Level 5 of the Dungeon
  6270 | D:5      | Reached skill level 5 in Dodging
  6270 | D:5      | Reached XP level 8. HP: 44/52 MP: 9/14
  6410 | D:5      | HP: 1/52 [something (3)]
  6414 | D:5      | Noticed Edmund
  6444 | D:5      | Slain by Edmund

Illustrated notes

Levels and vault maps discovered:
D:1:      heliophobic_arrival_battle_scene, layout_loops_corners, serial_shops,
          shop, shop, nicolae_shop_waterfront, shapermc_ecumenical_altar_ellora,
          minmay_bisected
D:2:      layout_basic
D:3:      layout_basic, serial_bayou_pond_b, minmay_fractal_squares_gapless_5
D:4:      layout_loops_corners, minmay_temple_entry_poolview, uniq_eustachio,
          uniq_blork_the_orc
D:5:      layout_cave_pods, uniq_edmund
Temple:   mainiacjoe_temple_hex_bubbles

Skill      XL: |  1  2  3  4  5  6  7 |
---------------+----------------------+-----
Dodging        | 3 4 5 |  5.0
Unarmed Combat | 4 5 |  5.8
Fighting       | 2 3 |  3.6
Spellcasting   | 3 4 |  4.0
Translocations | |  0.2
Transmutations | |  2.0
Poison Magic   | |  0.2

Action                   |  1- 3 |  4- 6 |  7- 9 || total
-------------------------+-------+-------+-------++-------
Melee: Unarmed           |    62 |   133 |    90 ||   285
       Constrict         |    15 |    29 |    14 ||    58
       Kick              |     9 |    27 |    17 ||    53
       Tentacles         |    11 |    18 |    15 ||    44
       Punch             |       |     2 |     3 ||     5
 Cast: Beastly Appendage |    10 |    20 |    13 ||    43
       Spider Form       |       |     1 |     1 ||     2
  Use: Scroll            |     3 |     3 |     2 ||     8
       Potion            |     1 |       |     1 ||     2
 Stab: Sleeping          |     1 |     6 |     3 ||    10
Armor: Skin              |     5 |     8 |     4 ||    17
Dodge: Dodged            |    59 |   159 |    89 ||   307

Table legend: (Time is in decaauts)
 A = Elapsed time spent in this place.
 B = Non-inter-level travel time spent in this place.
 C = Inter-level travel time spent in this place.
 D = Time resting spent in this place.
 E = Time spent auto-exploring this place.
 F = Levels seen in this place.
 G = Mean time per level.
                   A        B        C        D        E       F      G
               +--------+--------+--------+--------+--------+-----+--------+
         Total |   6420 |   6305 |    115 |    347 |   5033 |   6 | 1070.0 |
       Dungeon |   6180 |   6096 |     84 |    347 |   4825 |   5 | 1236.0 |
        Temple |    240 |    209 |     31 |      0 |    208 |   1 |  240.0 |
               +--------+--------+--------+--------+--------+-----+--------+

Top non-repeatable levels by time:
     D:4: 1878 daAuts
     D:2: 1714 daAuts
     D:1: 1394 daAuts
     D:3: 945 daAuts
     D:5: 246 daAuts
  Temple: 240 daAuts
